 Dungeon Crawl Stone Soup version 0.20.1-1-g8b1a95d66d (webtiles) character file.

522 sarloveze the Slasher (level 7, 25/48 HPs)
             Began as a Halfling Berserker on Nov 18, 2017.
             Was a Priest of Trog.
             Starved to death
             ... on level 4 of the Dungeon.
             The game lasted 00:48:07 (3943 turns).

sarloveze the Slasher (Halfling Berserker)          Turns: 3943, Time: 00:48:08

Health: 25/48      AC:  7    Str: 19    XL:     7   Next: 46%
Magic:  7/7        EV: 16    Int:  5    God:    Trog [***...]
Gold:   167        SH:  0    Dex: 15    Spells: 6/6 levels left

rFire    x . .     SeeInvis .   t - +0 short sword
rCold    + . .     Gourm    .   (shield restricted)
rNeg     . . .     Faith    .   l - +3 leather armour
rPois    .         Spirit   .   (no helmet)
rElec    .         Reflect  .   (no cloak)
rCorr    .         Harm     .   (no gloves)
MR       .....                  c - +0 pair of boots
Stlth    +.........             (no amulet)
Regen    0.2/turn               p - ring of ice
MPRegen  0.1/turn               k - ring of loudness (curse)

@: fainting
A: mutation resistance 1
a: Berserk, Trog's Hand, Burn Spellbooks, Renounce Religion


You were on level 4 of the Dungeon.
You worshipped Trog.
Trog was most pleased with you.
You were fainting.

You visited 1 branch of the dungeon, and saw 4 of its levels.
You also visited: Ossuary.

You collected 167 gold pieces.

Inventory:

Hand Weapons
 t - a +0 short sword (weapon)
 B - a +0 falchion
Armour
 b - a +0 animal skin
 c - a +0 pair of boots (worn)
 l - a +3 leather armour (worn)
Jewellery
 j - a cursed +4 amulet of reflection {DICKS<3, unknown}
 k - a cursed ring of loudness (right hand)
 p - a ring of ice (left hand)
Scrolls
 a - a scroll of amnesia
 e - 2 scrolls of teleportation
 g - 3 scrolls of immolation {unknown}
 m - 2 scrolls of fog
 n - a scroll of remove curse {unknown}
 s - a scroll of recharging
 u - a scroll of enchant armour {unknown}
 y - a scroll of enchant weapon {unknown}
 z - a scroll of brand weapon {unknown}
 A - 3 scrolls of identify
Potions
 d - a potion of ambrosia
 f - a potion of lignification {unknown}
 h - 6 potions of curing
 i - a potion of might {iii}
 o - a potion of agility
 q - a potion of invisibility {unknown}
 r - a potion of magic
 v - 3 potions of flight
 x - a potion of haste {unknown}
Books
 w - a book of Changes

   Spells                             Type                      Level
   a - Beastly Appendage              Transmutation                1
   b - Sticks to Snakes               Transmutation                2
   c - Spider Form                    Transmutation/Poison         3
   d - Ice Form                       Ice/Transmutation            4
   e - Blade Hands                    Transmutation                5
   Trog disapproves of the use of such an item.


   Skills:
 - Level 4.0 Fighting
 - Level 1.0(3.6) Short Blades
 + Level 4.6(4.7) Long Blades
 - Level 3.7 Armour
 + Level 4.2 Dodging
 * Level 3.4 Stealth


You had 6 spell levels left.
You didn't know any spells.

Dungeon Overview and Level Annotations

Branches:
Dungeon (4/15)
 Temple: D:4-7

Altars:
Fedhas
Makhleb
Okawaru
Uskayaw
Zin

Shops:
D:4 :


Innate Abilities, Weirdness & Mutations

You are small and have problems with some larger weapons.
You are somewhat resistant to further mutation.


Message History

You closely miss the phantom. You closely miss the phantom.
The phantom hits you.
You hit the phantom but do no damage.
The phantom blinks!
The phantom blinks!
The phantom is too close now for your liking.
You see here a scroll of recharging.
The phantom closely misses you.
You hit the phantom.
The phantom is lightly damaged.
The phantom completely misses you.
You hit the phantom.
The phantom is lightly damaged.
The phantom hits you!
You barely miss the phantom.
The phantom is lightly damaged.
The phantom closely misses you.
You barely miss the phantom.
The phantom is lightly damaged.
You have starved to death.
You die...

### #.. #.# #.#
#.# #.#
#.###.####.###.
#....?.@W......
#####.#########
#.# #.# #.#
#.## #..# ###.#
#...#


You could see a phantom.

Vanquished Creatures
  3 water moccasin zombies (Ossuary)
  A hound (D:2)
  Jessica (D:3)
  Natasha (thrice) (D:3)
  2 big kobold zombies (Ossuary)
  2 mummies (Ossuary)
  8 adders
  An ooze (D:1)
  4 adder zombies (Ossuary)
  A worm (D:2)
  A dart slug (D:1)
  A leopard gecko (D:2)
  5 orcs (D:3)
  3 ball pythons
  7 bats
  3 giant cockroaches
  2 gnoll zombies (Ossuary)
  6 hobgoblins
  3 kobolds
  2 quokkas
  3 frilled lizards
  8 goblins
  8 hobgoblin zombies (Ossuary)
  6 kobold zombies (Ossuary)
  6 orc zombies (Ossuary)
  4 rats
94 creatures vanquished.

Vanquished Creatures (others)
  An adder zombie (Ossuary)
1 creature vanquished.

Grand Total: 95 creatures vanquished

Notes
Turn   | Place    | Note
-------+----------+-------------------------------------------
     0 | D:1      | sarloveze the Halfling Berserker began the quest for the Orb.
     0 | D:1      | Reached XP level 1. HP: 15/15 MP: 1/1
    25 | D:1      | Reached XP level 2. HP: 15/20 MP: 2/2
   512 | D:1      | Reached XP level 3. HP: 26/26 MP: 3/3
   720 | D:2      | Reached ** piety under Trog
   720 | D:2      | Reached skill level 1 in Short Blades
   760 | D:2      | Reached XP level 4. HP: 27/31 MP: 4/4
  1115 | D:2      | Found a burning altar of Makhleb.
  1129 | D:2      | Reached XP level 5. HP: 33/36 MP: 5/5
  1432 | D:3      | Found an iron altar of Okawaru.
  1499 | D:3      | Noticed Natasha
  1502 | D:3      | Killed Natasha
  1505 | D:3      | Noticed Jessica
  1514 | D:3      | Killed Jessica
  1920 | D:3      | Reached XP level 6. HP: 43/43 MP: 6/6
  2028 | D:3      | Noticed Natasha
  2055 | D:3      | Killed Natasha
  2684 | D:3      | Noticed Natasha
  2697 | D:3      | Killed Natasha
  2804 | D:4      | Found Punecubu's Book Shoppe.
  2849 | D:4      | Found a hide-covered altar of Uskayaw.
  2849 | D:4      | Found a blossoming altar of Fedhas.
  2850 | D:4      | Found a glowing silver altar of Zin.
  2917 | D:4      | Found a sand-covered staircase.
  2944 | Ossuary  | Entered an ossuary
  2982 | Ossuary  | Reached skill level 1 in Stealth
  3001 | Ossuary  | Reached *** piety under Trog
  3018 | Ossuary  | Reached XP level 7. HP: 13/48 MP: 7/7
  3880 | D:4      | Paralysed by fainting for 7 turns
  3905 | D:4      | Paralysed by fainting for 11 turns
  3922 | D:4      | Paralysed by fainting for 5 turns
  3943 | D:4      | Starved to death

Skill      XL: |  1  2  3  4  5  6  7 |
---------------+----------------------+-----
Fighting       | 3 4 |  4.0
Dodging        | 3 4 |  4.2
Short Blades   | 1 |  1.0
Armour         | 3 |  3.7
Long Blades    | 4 |  4.6
Stealth        | 2 3 |  3.4

Action                   |  1- 3 |  4- 6 |  7- 9 || total
-------------------------+-------+-------+-------++-------
Melee: Falchion          |    60 |   109 |       ||   169
       Short sword       |       |    74 |   105 ||   179
Invok: Berserk           |     2 |     4 |     5 ||    11
       Trog's Hand       |       |     1 |       ||     1
  Use: Scroll            |     3 |     2 |     3 ||     8
       Potion            |       |     2 |     1 ||     3
  Eat: Bread ration      |     1 |       |     1 ||     2
       Chunk             |       |     2 |       ||     2
       Meat ration       |       |     1 |       ||     1
       Royal jelly       |       |       |     1 ||     1
Armor: Leather armour    |    10 |    55 |    21 ||    86
       Ring mail         |     1 |       |       ||     1
Dodge: Dodged            |    59 |   171 |    67 ||   297
       Rpst.: Falchion   |    21 |    44 |       ||    65
